Map: Lost and Found LE

Players

Namshar - Winner!

  • Race: Zerg Zerg
  • League: Grandmaster
  • Spawn Location: 1:00

YoGo

  • Race: Zerg Zerg
  • League: Grandmaster
  • Spawn Location: 7:00

Event: HomeStory Cup XVII

VOD

Have the link to the VOD?

Description

Time

  • Played on: June 28, 2018, 3:17 p.m.
  • Length: 12:49

All games in this series

Show
View Real Time Build Order
Export as new Build Order

Namshar Zerg - Winner!

Build Orders: Hatch First, Lurkers, Roach Hydra 

Get SALT Encoding   

  12  0:01  Drone  
  13  0:13  Overlord  
  13  0:17  Drone  
  14  0:31  Drone x2  
  14  0:35  Drone  
  17  0:51  Hatchery  
  17  0:54  Drone  
  17  0:58  Drone  
  18  1:08  Extractor  
  17  1:12  Spawning Pool  
  17  1:15  Drone  
  17  1:18  Drone  
  18  1:28  Drone  
  19  1:42  Overlord  
  19  1:53  Drone  
  20  1:58  Queen  
  20  2:00  Zergling x2  
  23  2:03  Queen  
  23  2:04  Zergling x2  
  23  2:07  Metabolic Boost  
  26  2:11  Drone  
  26  2:14  Drone  
  28  2:22  Drone  
  29  2:25  Drone  
  30  2:33  Drone  
  31  2:37  Hatchery  
  31  2:39  Drone  
  31  2:44  Baneling Nest  
  30  2:47  Overlord  
  30  2:50  Drone  
  31  2:55  Drone  
  32  3:02  Drone  
  32  3:05  Drone  
  34  3:10  Drone  
  34  3:11  Drone x3  
  38  3:14  Zergling x2  
  38  3:15  Overlord  
  38  3:19  Zergling x2  
  40  3:20  Drone  
  40  3:23  Evolution Chamber  
  40  3:30  Overlord  
  40  3:37  Baneling x2  
  40  3:38  Drone x2  
  40  3:39  Drone  
  40  3:40  Queen  
  45  3:46  Drone  
  45  3:47  Drone x2  
  48  3:50  Drone  
  48  3:51  Zerg Missile Weapons Level 1  
  49  3:57  Drone  
  49  3:58  Drone  
  49  3:59  Drone x2  
  49  4:00  Drone  
  54  4:07  Overlord  
  54  4:10  Overlord  
  54  4:15  Zergling x2  
  54  4:16  Extractor, Zergling x10  
  59  4:18  Baneling x2, Extractor  
  56  4:36  Lair  
  56  4:38  Drone x7  
  56  4:45  Roach Warren  
  61  4:46  Overlord  
  61  4:47  Drone x3  
  61  4:51  Baneling x2  
  61  4:52  Baneling  
  64  4:53  Drone x2  
  64  5:02  Zergling x4  
  64  5:03  Drone x3  
  66  5:24  Roach x11  
  88  5:31  Roach x2  
  80  5:51  Drone x7  
  87  5:59  Queen  
  87  6:00  Extractor  
  87  6:01  Drone x2  
  90  6:07  Overlord x3  
  90  6:12  Zerg Missile Weapons Level 2  
  90  6:15  Extractor  
  90  6:16  Extractor  
  88  6:19  Drone  
  88  6:20  Drone  
  88  6:25  Overlord x2  
  90  6:27  Hatchery, Drone x5  
  90  6:29  Drone x2  
  90  6:31  Glial Reconstitution  
  96  6:38  Drone  
  97  6:43  Drone, Pneumatized Carapace  
  97  6:44  Drone  
  97  6:45  Drone  
  97  6:46  Overlord  
  100  6:48  Roach x4  
  108  6:55  Overlord  
  108  6:57  Roach x3  
  108  7:01  Hydralisk Den  
  113  7:09  Roach x5  
  113  7:10  Overlord  
  113  7:12  Queen  
  125  7:16  Drone  
  125  7:21  Roach x4  
  134  7:23  Ravager  
  134  7:24  Ravager  
  134  7:26  Overlord x2  
  134  7:28  Extractor, Roach  
  134  7:29  Roach  
  139  7:31  Ravager  
  140  7:37  Roach  
  140  7:38  Roach x3  
  148  7:46  Roach x5  
  158  7:55  Grooved Spines  
  155  8:00  Roach  
  155  8:01  Roach x6  
  155  8:04  Overlord x2  
  169  8:09  Roach x3  
  175  8:16  Roach x3  
  175  8:24  Roach  
  175  8:25  Roach x5  
  181  8:34  Drone  
  181  8:35  Drone x4  
  181  8:40  Drone  
  179  8:42  Lurker Den, Extractor  
  179  8:43  Infestation Pit  
  170  9:01  Hydralisk x9  
  188  9:04  Overlord  
  188  9:06  Muscular Augments, Ravager  
  189  9:13  Overseer  
  189  9:14  Overseer  
  189  9:25  Ravager x3  
  189  9:30  Roach x4  
  200  9:52  Hydralisk x2  
  162  10:22  Hive  
  162  10:24  Lurker  
  162  10:25  Lurker x3  
  162  10:27  Lurker x3  
  162  10:28  Lurker  
  162  10:33  Spore Crawler  
  162  10:34  Spine Crawler  
  162  10:35  Spine Crawler x2  
  158  10:36  Hydralisk x5  
  158  10:37  Hatchery, Hydralisk x2  
  158  10:41  Spine Crawler x2  
  158  10:42  Spine Crawler x2  
  168  10:45  Spine Crawler  
  166  10:52  Overlord x2  
  166  10:55  Drone x6  
  166  10:56  Drone x2  
  174  10:57  Hydralisk x8  
  174  11:03  Overlord  
  190  11:07  Drone  
  190  11:10  Evolution Chamber  
  190  11:26  Hatchery  
  189  11:38  Adaptive Talons  
  189  11:45  Overseer  
  189  11:47  Extractor  
  189  11:50  Extractor  
  173  12:04  Overseer  
  168  12:14  Hydralisk, Roach  
  168  12:15  Roach x14  
  174  12:40  Unknown x2  
Show
View Real Time Build Order
Export as new Build Order

YoGo Zerg 

Build Orders: Hatch First, Lurkers 

Get SALT Encoding   

  12  0:01  Drone  
  13  0:15  Overlord  
  13  0:19  Drone  
  14  0:34  Drone x2  
  16  0:48  Hatchery  
  15  0:52  Drone  
  15  0:56  Drone  
  17  1:00  Drone  
  18  1:09  Extractor  
  17  1:14  Spawning Pool  
  17  1:17  Drone  
  17  1:20  Drone  
  18  1:31  Drone  
  19  1:42  Drone  
  20  1:53  Drone  
  21  2:00  Drone, Queen x2  
  26  2:09  Metabolic Boost  
  26  2:19  Hatchery  
  25  2:23  Overlord  
  25  2:26  Zergling x2  
  25  2:29  Zergling x2  
  27  2:32  Drone  
  28  2:41  Queen  
  28  2:43  Drone  
  31  2:44  Drone  
  31  2:46  Drone  
  33  2:52  Overlord  
  33  2:55  Drone  
  33  2:57  Drone  
  35  3:03  Baneling Nest  
  34  3:05  Drone  
  34  3:08  Drone  
  34  3:11  Drone  
  34  3:12  Drone  
  38  3:19  Drone x3  
  41  3:21  Drone  
  41  3:26  Overlord  
  42  3:29  Drone  
  42  3:30  Drone  
  44  3:34  Zergling x4  
  44  3:39  Evolution Chamber  
  44  3:40  Zergling x2  
  45  3:43  Extractor  
  45  3:46  Drone x3  
  45  3:48  Drone  
  48  3:52  Baneling x2  
  48  3:55  Drone x3  
  51  3:58  Extractor  
  51  4:00  Zergling x2  
  51  4:07  Zerg Missile Weapons Level 1  
  51  4:08  Overlord  
  51  4:10  Drone x3  
  51  4:16  Lair  
  54  4:19  Drone x2  
  56  4:30  Drone  
  56  4:35  Overlord, Roach Warren  
  56  4:37  Zergling x10  
  57  4:45  Zergling x2  
  57  4:46  Zergling x10  
  57  4:47  Zergling x2  
  57  4:49  Zergling x2  
  65  4:55  Baneling x2  
  65  4:57  Zergling x8  
  67  5:00  Zergling x4  
  69  5:14  Zergling x4  
  69  5:16  Drone x5  
  69  5:18  Baneling x2  
  72  5:24  Drone x4  
  72  5:27  Roach  
  74  5:30  Baneling x2  
  73  5:40  Roach  
  73  5:41  Drone x2  
  73  5:42  Overlord x3  
  73  5:45  Queen  
  73  5:47  Queen  
  73  5:48  Glial Reconstitution  
  71  5:52  Extractor  
  71  5:54  Drone x3  
  71  5:56  Extractor  
  71  5:58  Roach  
  71  6:02  Baneling x3  
  71  6:04  Zerg Missile Weapons Level 2, Roach x2  
  77  6:08  Roach x2  
  81  6:13  Overlord  
  81  6:18  Roach  
  83  6:21  Roach  
  83  6:24  Roach x2  
  89  6:26  Hatchery, Roach  
  89  6:29  Roach  
  89  6:30  Roach  
  91  6:37  Drone x2  
  93  6:42  Roach x2  
  97  6:48  Roach x2  
  97  6:49  Roach x2  
  97  6:52  Overlord x2  
  105  6:59  Pneumatized Carapace  
  105  7:01  Overlord  
  105  7:02  Overlord  
  105  7:11  Roach x5  
  105  7:14  Roach  
  105  7:15  Roach x2  
  121  7:21  Roach x4  
  131  7:30  Roach x3  
  135  7:38  Overlord  
  135  7:39  Overlord x3  
  135  7:41  Roach  
  137  7:49  Overlord  
  137  7:54  Roach x3  
  137  7:58  Roach x3  
  145  8:01  Overlord  
  145  8:04  Overlord  
  145  8:05  Overlord  
  145  8:06  Ravager x2  
  145  8:07  Ravager  
  145  8:11  Roach x3  
  149  8:14  Roach  
  149  8:18  Roach x2  
  150  8:20  Zerg Ground Armor Level 1  
  150  8:23  Roach  
  150  8:24  Roach x2  
  150  8:25  Roach  
  154  8:28  Roach  
  154  8:29  Roach  
  154  8:31  Roach  
  154  8:33  Roach  
  154  8:40  Roach x4  
  154  8:45  Roach  
  154  8:46  Roach x2  
  154  8:47  Drone  
  154  8:48  Drone, Ravager  
  162  8:49  Ravager x2  
  162  8:53  Ravager x2  
  162  8:55  Ravager  
  168  8:58  Drone x4  
  168  9:00  Hydralisk Den  
  171  9:03  Roach x2  
  171  9:08  Roach x2  
  171  9:09  Roach  
  181  9:13  Spine Crawler, Roach  
  182  9:22  Drone x3  
  182  9:23  Extractor  
  184  9:32  Roach x6  
  184  9:33  Roach x2  
  196  9:40  Lurker Den  
  195  9:48  Extractor  
  190  9:53  Hydralisk x2  
  190  9:54  Hydralisk x3  
  190  9:59  Hatchery  
  197  10:12  Hydralisk x7  
  190  10:16  Drone  
  190  10:17  Drone x2  
  186  10:26  Drone x3  
  186  10:27  Drone x3  
  188  10:43  Hydralisk  
  188  10:44  Hydralisk x3  
  190  10:53  Overlord, Grooved Spines  
  190  10:58  Spine Crawler  
  190  10:59  Spore Crawler  
  188  11:06  Lurker x2  
  188  11:07  Lurker x3  
  188  11:09  Overseer  
  188  11:11  Overseer  
  193  11:12  Overlord  
  193  11:13  Drone  
  188  11:23  Roach  
  188  11:24  Roach x9  
  153  11:34  Hydralisk x4  
  153  11:36  Roach  
  151  11:44  Roach x3  
  157  11:48  Roach x2  
  156  11:59  Roach x4  
  147  12:01  Roach  
  147  12:04  Lurker x2  
  147  12:08  Ravager  
  145  12:12  Roach x2  
  145  12:14  Extractor  
  145  12:15  Extractor  
  147  12:16  Ravager  
  139  12:23  Roach x5  
  139  12:24  Roach  
Tags
 
Add a new tag
Caveats
  • Supply blocks, unpowered buildings, or Contaminate may cause inaccurate times.
  • Supply counts are checked every 10 seconds.